 Dungeon Crawl Stone Soup version 0.27.1-33-g824d729ab1 (webtiles) character file.

Game seed: 11591719942684640238

16 zeram the Shield-Bearer (level 2, -7/18 HPs)
             Began as a Deep Elf Fighter on Dec 26, 2021.
             Killed by nerve-wracking pain
             ... invoked by Jessica
              (14 damage)
             ... on level 2 of the Dungeon.
             The game lasted 00:01:10 (1028 turns).

zeram the Shield-Bearer (Deep Elf Fighter)          Turns: 1028, Time: 00:01:12

Health: -7/18      AC:  6    Str: 13    XL:     2   Next: 37%
Magic:  4/4        EV:  6    Int: 12    God:
Gold:   61         SH:  8    Dex: 14    Spells: 1/1 levels left

rFire    . . .     SeeInvis .   a - +1 rapier
rCold    . . .     Faith    .   c - +0 kite shield
rNeg     . . .     Spirit   .   b - +0 scale mail
rPois    .         Reflect  .   (no helmet)
rElec    .         Harm     .   (no cloak)
rCorr    .         Rampage  .   (no gloves)
Will     .....                  (no boots)
Stlth    ..........             (no amulet)
HPRegen  0.06/turn              (no ring)
MPRegen  0.09/turn              (no ring)

@: no status effects
A: no striking features
a: no special abilities


You were on level 2 of the Dungeon.
You visited 1 branch of the dungeon, and saw 2 of its levels.

You collected 61 gold pieces.

Inventory:

Hand Weapons
 a - a +1 rapier (weapon)
Armour
 b - a +0 scale mail (worn)
 c - a +0 kite shield (worn)
Jewellery
 g - a ring of protection from fire
Potions
 d - a potion of might
 e - a potion of heal wounds {unknown}
 f - a potion of resistance {unknown}
 h - a potion of mutation {unknown}


   Skills:
 - Level 2.4 Fighting
 - Level 2.0 Short Blades
 - Level 2.4 Armour
 + Level 3.1 Shields


You had one spell level left.
You didn't know any spells.
Your spell library was empty.

Dungeon Overview and Level Annotations

Branches:
Dungeon (2/15)

Altars:

Annotations:
D:2 Jessica


Message History

There is a stone staircase leading up here.
You climb upwards.
There is a stone staircase leading down here.
You start resting.
HP restored.
There is a stone staircase leading down here.
You climb downwards.
There is a stone staircase leading up here.
Found a black potion.
Jessica the Apprentice Sorceress comes into view.
She is wielding a +0 dagger and wearing a +1 robe of the Archmagi.
Jessica moves out of view.
An endoplasm comes into view.
The endoplasm quivers.
An endoplasm is nearby!
An endoplasm is nearby!
An endoplasm is nearby!
The endoplasm freezes you.
You are frozen.
You hit the endoplasm.
You kill the endoplasm!
Jessica is nearby!
Jessica is nearby!
Jessica hits you with a +0 dagger.
You hit Jessica.
Jessica is heavily wounded.
Jessica grins evilly.
You block Jessica's attack.
Jessica mumbles some strange words.
Jessica blinks!
You closely miss Jessica.
Jessica is heavily wounded.
Jessica gestures at you while chanting. Pain shoots through your body!
You are too injured to fight recklessly!
You completely miss Jessica.
Jessica is heavily wounded.
Jessica casts a spell at you. Pain shoots through your body!
Ouch! That really hurt!
You die...

##.# .##
......
.. .#
#.#.####
#...!#..
#.#.#.#
#...#.#
##@.#.#
#@.#.#
##ยง#.#
#..<#
##.##
....
###..#
.#.# .
.. #.
#..


You could see Jessica.

Vanquished Creatures
  A dart slug (D:1)
  An endoplasm (D:2)
  3 hobgoblins (D:1)
  A quokka (D:1)
  2 frilled lizards
  2 goblins
  3 kobolds
13 creatures vanquished.

Notes
Turn   | Place    | Note
-------+----------+-------------------------------------------
     0 | D:1      | zeram the Deep Elf Fighter began the quest for the Orb.
     0 | D:1      | Reached XP level 1. HP: 13/13 MP: 3/3
   270 | D:1      | Reached XP level 2. HP: 18/18 MP: 4/4
   302 | D:1      | Found a faded altar of an unknown god.
   325 | D:1      | Reached skill level 3 in Shields
  1017 | D:2      | Noticed Jessica
  1028 | D:2      | Killed from afar by Jessica

Illustrated notes

Levels and vault maps discovered:
D:1:      nagdon_arrival_double_spiral, layout_rooms,
          ebering_ecumenical_altar_abandoned
D:2:      layout_basic, serial_shops, shop, roderic_malta_cross, uniq_jessica

Skill      XL: |  1  2 |
---------------+-------+-----
Shields        | 3 |  3.1
Fighting       | |  2.4
Short Blades   | |  2.0
Armour         | |  2.4

Action                   || total
-------------------------++-------
Melee: Rapier            ||    50
  Use: Scroll            ||     4
Armor: Scale mail        ||    19
Dodge: Dodged            ||    12
Block: Kite shield       ||    15
